 Dungeon Crawl Stone Soup version 0.27.1-1-g398f81649c (webtiles) character file.

Game seed: 1155894759641137358

139 jondo1214 the Skirmisher (level 5, -4/47 HPs)
             Began as a Hill Orc Fighter on Sept 14, 2021.
             Was an Initiate of Beogh.
             Slain by Pikel (7 damage)
             ... on level 4 of the Dungeon.
             The game lasted 00:09:17 (3408 turns).

jondo1214 the Skirmisher (Hill Orc Fighter)         Turns: 3408, Time: 00:09:17

Health: -4/47      AC:  7    Str: 20    XL:     5   Next: 22%
Magic:  5/5        EV:  7    Int:  8    God:    Beogh [......]
Gold:   197        SH:  9    Dex: 10    Spells: 4/4 levels left

rFire    + . .     SeeInvis .   k - +5 falchion of Absolution {freeze, rPois rF+ Will+}
rCold    . . .     Faith    .   c - +0 kite shield
rNeg     + . .     Spirit   .   b - +0 scale mail
rPois    +         Reflect  .   (no helmet)
rElec    .         Harm     .   (no cloak)
rCorr    .         Rampage  .   (no gloves)
Will     +....                  (no boots)
Stlth    ..........             (no amulet)
HPRegen  0.15/turn              j - ring of positive energy
MPRegen  0.09/turn              (no ring)

@: mighty
A: no striking features
a: Renounce Religion


You were on level 4 of the Dungeon.
You worshipped Beogh.
Beogh was noncommittal.
You visited 1 branch of the dungeon, and saw 4 of its levels.

You collected 197 gold pieces.

Inventory:

Hand Weapons
 a - a +0 war axe
 k - the +5 falchion of Absolution (weapon) {freeze, rPois rF+ Will+}
   (You found it on level 4 of the Dungeon)

   It freezes those it strikes, dealing additional cold damage.
   It can also slow down cold-blooded creatures.
   rF:        It protects you from fire.
   rPois:     It protects you from poison.
   Will:      It increases your willpower.
Armour
 b - a +0 scale mail (worn)
 c - a +0 kite shield (worn)
Jewellery
 j - a ring of positive energy (left hand)
Wands
 h - a wand of polymorph (7)
Potions
 f - a potion of attraction
 g - a potion of resistance
 i - a potion of invisibility


   Skills:
 * Level 4.6 Fighting
 * Level 3.2(3.3) Axes
 - Level 0.7(1.8) Maces & Flails
 * Level 4.4 Armour
 + Level 0.5 Dodging
 * Level 4.3 Shields


You had 4 spell levels left.
You didn't know any spells.
Your spell library contained the following spells:

 Spells                   Type           Power      Damage    Failure   Level
 Shock                    Conj/Air       0%         1d3       99%         1
 Gell's Gravitas          Tloc           0%         N/A       100%        3
 Lesser Beckoning         Tloc           0%         N/A       100%        3
 Swiftness                Air            0%         N/A       100%        3
 Teleport Other           Tloc           0%         N/A       100%        3
 Airstrike                Air            0%         N/A       100%        4


Dungeon Overview and Level Annotations

Branches:
Dungeon (4/15)
 Temple: D:4-7

Altars:
Dithmenos
Makhleb

Shops:
D:3 :

Annotations:
D:4 Pikel


Message History

The lemure hits you. x2; Pikel hits you but does no damage.
The lemure hits you. You block the lemure's attack.
The lemure barely misses you.
You slash the lemure! You freeze the lemure.
The lemure is heavily wounded.
The lemure closely misses you.
You slash the goblin! You freeze the goblin.
You kill the goblin!
Beogh accepts your kill. You block the lemure's attack.
You hit the lemure. You freeze the lemure.
The lemure is heavily wounded.
The lemure hits you but does no damage. x3
You hit the lemure but do no damage.
The lemure is heavily wounded.
The lemure hits you. Pikel closely misses you.
You hit the lemure. You freeze the lemure.
The lemure is severely wounded.
The lemure hits you. You block Pikel's attack. The lemure closely misses you.
You closely miss the lemure.
The lemure is severely wounded.
Pikel hits you with a +0 whip of flaming!
* * * LOW HITPOINT WARNING * * *
Pikel burns you.
* * * LOW HITPOINT WARNING * * *
You block the lemure's attack.
Pikel hits you with a +0 whip of flaming!
* * * LOW HITPOINT WARNING * * *
It was a potion of curing.
You feel better. The lemure completely misses you.
Pikel hits you with a +0 whip of flaming.
* * * LOW HITPOINT WARNING * * *
Pikel burns you.
* * * LOW HITPOINT WARNING * * *
You feel very mighty all of a sudden. You block the lemure's attack.
You block Pikel's attack.
You slash the lemure! You freeze the lemure.
You kill the lemure!
That felt strangely unrewarding.
Pikel hits you with a +0 whip of flaming!
You die...

.. #.# ... 8.....8 #.#
#+# ....... #.# # #.#
8.....8 #.#.# #.# .......
##.#.### ##.#####8g....8
.<.....# ##.....@#ggg....
.#.###.###....(#K#8g....8
.#.# #.........#555.g....
.#.###.##......##gg......
.#[.......#..############
.#####.####..# .
#.####..# . #.......#
.......#####.#


You could see Pikel, 2 lemures and 2 goblins.

Vanquished Creatures
  A lemure (D:4)
  4 adders
  An ufetubus (D:4)
  An adder skeleton (D:4)
  A dart slug (D:4)
  8 orcs (D:3)
  4 endoplasms
  3 giant cockroaches
  12 goblins
  6 hobgoblins
  4 kobolds
  9 quokkas
  11 ball pythons
  3 bats
  6 frilled lizards
  8 rats
82 creatures vanquished.

Vanquished Creatures (others)
  An orc (D:3)
  A kobold (D:3)
2 creatures vanquished.

Grand Total: 84 creatures vanquished

Notes
Turn   | Place    | Note
-------+----------+-------------------------------------------
     0 | D:1      | jondo1214 the Hill Orc Fighter began the quest for the Orb.
     0 | D:1      | Reached XP level 1. HP: 19/19 MP: 1/1
   117 | D:1      | Reached XP level 2. HP: 22/27 MP: 2/2
   511 | D:1      | Reached XP level 3. HP: 32/33 MP: 3/3
   834 | D:1      | Found a faded altar of an unknown god.
  1182 | D:2      | Found a burning altar of Makhleb.
  1343 | D:2      | Reached XP level 4. HP: 39/40 MP: 4/4
  2109 | D:3      | Found Baneh's Book Boutique.
  2139 | D:3      | Became a worshipper of Beogh the Brigand
  2709 | D:3      | Reached XP level 5. HP: 40/47 MP: 5/5
  3007 | D:4      | Found a shadowy altar of Dithmenos.
  3136 | D:4      | Identified the +5 falchion of Absolution {freeze, rPois rF+
                  | Will+}
  3391 | D:4      | Noticed Pikel
  3391 | D:4      | Noticed a lemure
  3391 | D:4      | Noticed a lemure
  3391 | D:4      | Noticed a lemure
  3391 | D:4      | Noticed a lemure
  3405 | D:4      | HP: 1/47 [Pikel (8)]
  3408 | D:4      | Killed a lemure
  3408 | D:4      | Slain by Pikel

Illustrated notes

Levels and vault maps discovered:
D:1:      heliophobic_arrival_ceremonial_halls, layout_loops_ring,
          shapermc_ecumenical_altar_mp_vishouse
D:2:      minmay_angry_zag, layout_rooms, basic_altar
D:3:      layout_loops_ring, serial_shops, nicolae_square_shop
D:4:      kennysheep_the_goblin_king, layout_loops_corners,
          nicolae_dithmenos_shadow_blocks, uniq_pikel

Skill      XL: |  1  2  3  4 |
---------------+-------------+-----
Fighting       | 4 |  4.6
Axes           | 3 |  3.2
Armour         | 4 |  4.4
Shields        | 4 |  4.3
Maces & Flails | |  0.7
Dodging        | |  0.5

Action                   |  1- 3 |  4- 6 || total
-------------------------+-------+-------++-------
Melee: War axe           |   123 |   112 ||   235
       Falchion          |       |    19 ||    19
Invok: Convert to Beogh  |       |     1 ||     1
  Use: Scroll            |     1 |     6 ||     7
       Potion            |       |     2 ||     2
Armor: Scale mail        |    63 |    53 ||   116
Dodge: Dodged            |    48 |    39 ||    87
Block: Kite shield       |    81 |    92 ||   173
